 Dungeon Crawl Stone Soup version 0.19.0-2-gae57169 (webtiles) character file.

210 zxpr0jk the Chiller (level 5, -7/38 HPs)
             Began as a Draconian Ice Elementalist on Nov 2, 2016.
             Killed from afar by an orc wizard (11 damage)
             ... with a puff of flame
             ... on level 3 of the Dungeon.
             The game lasted 00:08:06 (2578 turns).

zxpr0jk the Chiller (Draconian Ice Elementalist)    Turns: 2578, Time: 00:08:06

Health: -7/38      AC:  5    Str: 10    XL:     5   Next: 57%
Magic:  0/10       EV: 12    Int: 17    God:
Gold:   181        SH:  0    Dex: 12    Spells: 3 memorised, 3 levels left

rFire  . . .     SeeInvis .     r - -2 trident (curse)
rCold  . . .     Gourm    .     (armour unavailable)
rNeg   . . .     Faith    .     (no shield)
rPois  .         Spirit   .     (helmet restricted)
rElec  .         Reflect  .     (no cloak)
rCorr  .         Harm     .     (no gloves)
MR     .....                    (no boots)
Stlth  ++........               (no amulet)
                                q - -2 ring of intelligence (curse)
                                p - +3 ring of intelligence

@: very slightly contaminated
A: unfitting armour, cold-blooded, AC +5
a: no special abilities


You were on level 3 of the Dungeon.
You were not hungry.

You visited 1 branch of the dungeon, and saw 4 of its levels.

You collected 181 gold pieces.

Inventory:

Hand Weapons
 h - a +2 dagger of holy wrath
 r - a cursed -2 trident (weapon)
 u - a +0 trident
Missiles
 a - 5 poisoned tomahawks (quivered)
Armour
 v - a +0 large shield
Jewellery
 p - a +3 ring of intelligence (left hand)
 q - a cursed -2 ring of intelligence (right hand)
Scrolls
 c - a scroll of fog
 d - a scroll of recharging
 k - 2 scrolls of teleportation
 n - a scroll of amnesia
Potions
 g - a potion of curing
 i - 2 potions of brilliance
 l - 3 potions of heal wounds {unknown}
 m - a potion of invisibility
 s - a potion of berserk rage
 t - a potion of cancellation
 x - a potion of flight
Comestibles
 b - 6 bread rations
 f - a royal jelly
 j - 3 meat rations


   Skills:
 - Level 1.7 Dodging
 - Level 1.7 Stealth
 + Level 3.6 Spellcasting
   Level 1.0 Conjurations
 + Level 0.8 Summonings
 * Level 5.2 Ice Magic


You had 3 spell levels left.
You knew the following spells:

 Your Spells              Type           Power        Failure   Level  Hunger
a - Freeze                Ice            ###.         1%          1    None
b - Ozocubu's Armour      Chrm/Ice       ##......     17%         3    ###....
c - Summon Ice Beast      Ice/Summ       ##......     58%         4    ####...


Dungeon Overview and Level Annotations

Branches:
Dungeon (4/15)
 Temple: D:4-7

Altars:

Annotations:
D:4 Dowan, Duvessa


Innate Abilities, Weirdness & Mutations

Your plain brown scales are hard. (AC +5)
You cannot fit into any form of body armour.
You are cold-blooded and may be slowed by cold attacks.


Message History

Aim: an orc wizard, wielding a dagger and wearing a robe You reach to attack!
You hit the orc wizard.
The orc wizard is heavily wounded.
The orc wizard casts a spell at you. The magic dart hits you!
* * * LOW HITPOINT WARNING * * *
Casting: Freeze
Confirm with . or Enter, or press ? or * to list all spells.
Aiming: Freeze
Press: ? - help, Shift-Dir - straight line, f/p - orc wizard
Aim: an orc wizard, wielding a dagger and wearing a robe (moderately wounded)
You miscast Freeze.
You are very lightly contaminated with residual magic.
Frost spreads across the the floor.
The orc wizard hits you but does no damage.
You hit the orc wizard but do no damage.
The orc wizard is moderately wounded.
The orc wizard casts a spell at you. The puff of flame hits you!
You die...

## #...# .# #.#.# ######## .###
#.#.# ####......# .).# #.#†#
#......<#.# .#.# #.#[#
#o##.####.# # .#.#
#.#.####.##.####.### # .#.#
#.#.##.............# # ...#
#.#.##.#.##o####.#.# #
######.#.##.#..#@....)#.#########
..............))....).#.##......(
########....#####.##....##.#####.
......#####.##....##....##.# #.
#####.##.....#.#####....##.# #.
....#.####.#.#.#######..##.# #<
#.#............##.......##.######
#.#.#.#####.....#(#####..#.......
.................................


You could see an orc wizard.

Vanquished Creatures
  An orc priest (D:3)
  2 orc wizards (D:3)
  5 adders
  2 worms (D:3)
  6 orcs (D:3)
  A ball python (D:1)
  8 bats
  5 giant cockroaches
  7 goblins
  6 hobgoblins
  12 kobolds
  A quokka (D:2)
  2 frilled lizards (D:3)
  22 rats
80 creatures vanquished.

Notes
Turn   | Place    | Note
-------+----------+-------------------------------------------
     0 | D:1      | zxpr0jk the Draconian Ice Elementalist began the quest for the Orb.
     0 | D:1      | Reached XP level 1. HP: 14/14 MP: 3/3
    90 | D:1      | Reached XP level 2. HP: 19/20 MP: 1/5
   609 | D:1      | Reached XP level 3. HP: 26/26 MP: 6/6
   759 | D:2      | Learned a level 3 spell: Ozocubu's Armour
   817 | D:2      | Reached skill level 4 in Ice Magic
  1135 | D:2      | Reached XP level 4. HP: 33/33 MP: 4/8
  1248 | D:2      | Learned a level 4 spell: Summon Ice Beast
  1989 | D:3      | Reached XP level 5. HP: 14/38 MP: 7/9
  2157 | D:3      | Reached skill level 5 in Ice Magic
  2508 | D:4      | Noticed Duvessa
  2508 | D:4      | Noticed Dowan
  2578 | D:3      | Killed from afar by an orc wizard

Skill      XL: |  1  2  3  4  5 |
---------------+----------------+-----
Ice Magic      | 4 5 |  5.2
Spellcasting   | 3 |  3.6
Dodging        | |  1.7
Stealth        | |  1.7
Conjurations   | |  1.0
Summonings     | |  0.8

Action                   |  1- 3 |  4- 6 || total
-------------------------+-------+-------++-------
Melee: Unarmed           |    35 |       ||    35
       Tailslap          |    10 |     6 ||    16
       Dagger            |    82 |    31 ||   113
       Trident           |       |    52 ||    52
Throw: Stone             |    12 |       ||    12
       Tomahawk          |       |     5 ||     5
 Cast: Freeze            |    26 |    30 ||    56
  Use: Scroll            |       |    13 ||    13
 Stab: Sleeping          |     2 |     4 ||     6
  Eat: Chunk             |       |     4 ||     4
       Beef jerky        |       |     1 ||     1
Armor: Skin              |    48 |    29 ||    77
Dodge: Dodged            |    89 |    62 ||   151
Block: Large shield      |       |    20 ||    20
